[Event "*** SCC Grand Prix: Titled Tuesday Blitz"]
[Site "Chess.com"]
[Date "2020.10.13"]
[Round "7"]
[White "ZverevLev"]
[Black "AungTZ"]
[Result "1-0"]
[WhiteElo "2302"]
[BlackElo "2143"]
[TimeControl "180+1"]
[EndTime "11:17:35 PDT"]
[Termination "ZverevLev won on time"]

1. Nf3 d5 2. d4 Nf6 3. c4 e6 4.
Nc3 Be7 5. Qc2 O-O 6. e3 c6 7.
cxd5 exd5 8. Bd3 Nbd7 9. O-O Re8 10. Ne5 Nf8 11. h3 N6d7 12. f4 f6 13. Nf3 Bd6 14. Nh4 Nb6 15. b3 Bd7 16. Bf5 Rc8 17. Rf3 c5 18.
Bb2 cxd4 19. exd4 g6 20. Bxg6 hxg6 21. Nxg6 f5 22. Nxf8 Rxf8 23. Rg3+ Kf7 24. Qe2 Qh4 25. Rf3 Rce8 26. Qf1 Rg8 27. Nb5 Bb8 28. Bc3 a6 29.
Be1 Qf6 30. Nc3 Bd6 31. Bf2 Bb4 32. Ne2 Nc8 33. a4 Nd6 34. Ng3 Ne4 35. Nxe4 fxe4 36. Re3 Qxd4 37. Rd1 Qb2 38. Rxd5 Bc6 39. Rf5+ Ke6 40.
Qc4+ Kd7 41. Qxb4 Qc1+ 42. Kh2 Qf1 43. Rf7+ Kc8 44. Bg3 Re6 45. f5 Rd6 46. Qxd6 1-0

[Event "*** SCC Grand Prix: Titled Tuesday Blitz"]
[Site "Chess.com"]
[Date "2020.10.13"]
[Round "7"]
[White "WPWPWP-2015"]
[Black "Leonid_Starozhilov"]
[Result "0-1"]
[WhiteElo "2501"]
[BlackElo "2648"]
[TimeControl "180+1"]
[EndTime "11:17:36 PDT"]
[Termination "Leonid_Starozhilov won by checkmate"]

1. e4 d6 2. d4 Nf6 3. Nc3 Nbd7 4.
Nf3 e5 5. Bc4 Be7 6. O-O O-O 7.
Re1 a5 8. a4 Nb6 9. Ba2 Nfd7 10. h3 exd4 11. Nxd4 Nc5 12. Bb1 c6 13. Be3 Nc4 14.
Bc1 Bf6 15. b3 Nb6 16. Bb2 Re8 17. f3 d5 18. Ba3 Nbd7 19. Ba2 dxe4 20. Nxe4 Nxe4 21.
fxe4 Ne5 22. c3 Be7 23. b4 Qb6 24. Rb1 axb4 25. Bxb4 Bxb4 26. Rxb4 Qc7 27. Kh1 Bd7 28. Rb2 Rad8 29. Rd2 g6 30. Rf1 Bc8 31. Qb3 Kg7 32. Rdf2 Rf8 33. Rf6 Qe7 34. R6f4 f6 35. a5 Nd3 36.
R4f3 Ne5 37. Rf4 h5 38. Qc2 c5 39. Nb5 Bd7 40. Nc7 Bxh3 41. Nd5 Rxd5 42. Bxd5 Bc8 43. Qb3 Ng4 44. a6 bxa6 45. c4 Qe5 46. Qf3 Bd7 47.
Qb3 Qg5 48. Qb7 Qh4+ 49. Kg1 Qh2# 0-1

[Event "*** SCC Grand Prix: Titled Tuesday Blitz"]
[Site "Chess.com"]
[Date "2020.10.13"]
[Round "7"]
[White "pedromartinez91"]
[Black "Meri-Arabidze"]
[Result "0-1"]
[WhiteElo "2516"]
[BlackElo "2689"]
[TimeControl "180+1"]
[EndTime "11:17:37 PDT"]
[Termination "Meri-Arabidze won by resignation"]

1. d4 d5 2. Bf4 Nf6 3. e3 e6 4. h3 Bd6 5. Nd2 c5 6. Bxd6 Qxd6 7. Ngf3 O-O 8. c3 b6 9. Ne5 Nfd7 10. f4 f6 11. Nef3 Bb7 12. Bb5 e5 13. dxe5 fxe5 14. Nc4 Qg6 15. Ncxe5 Nxe5 16. Nxe5 Qxg2 17. Rf1 Qxb2 18.
Rb1 Qxc3+ 19. Kf2 c4 20. Qg4 Qd2+ 21. Kg3 Bc8 22. Qf3 Be6 23. Rbd1 Qb4 24. Rxd5 c3 25.
Bd3 Qe7 26. Qh5 g5 27. Nc6 Nxc6 28. Rxg5+ Kh8 29. e4 Rg8 30. h4 Rxg5+ 31. hxg5 Nb4 32. Be2 Rd8 33. f5 Bf7 34. g6 Qe5+ 35. Kf2 Bxg6 36. fxg6 Qxh5 37. Bxh5 hxg6 38. Bxg6 c2 39. Bh5 Nxa2 40.
Rh1 c1=Q 41. Bd1+ Kg7 42. Rg1+ Kf6 43. Ke2 Ke5 44. Bb3 Qd2+ 45. Kf3 Rd3+ 46. Kg4 Rxb3 47.
Kh5 Qe2+ 48. Kh6 Qh2+ 49. Kg7 Qxg1+ 50. Kf7 Rc3 51. Ke7 Rc7+ 0-1

[Event "*** SCC Grand Prix: Titled Tuesday Blitz"]
[Site "Chess.com"]
[Date "2020.10.13"]
[Round "7"]
[White "glebus008"]
[Black "kleopl"]
[Result "0-1"]
[WhiteElo "2317"]
[BlackElo "2474"]
[TimeControl "180+1"]
[EndTime "11:17:39 PDT"]
[Termination "kleopl won by resignation"]

1. e4 c6 2. d4 d5 3. exd5 cxd5 4. Nf3 Nc6 5. Ne5 Bd7 6. Nxd7 Qxd7 7. Bb5 a6 8. Be2 Nf6 9. c3 e6 10. Bd3 b5 11. Nd2 b4 12. O-O bxc3 13. bxc3 Bd6 14. Re1 O-O 15. Nf3 Rfc8 16. Bg5 Be7 17. Bf4 Na5 18. Ne5 Qe8 19. Rc1 Bd6 20. Qf3 Nc6 21. Qg3 Nh5 22. Qh4 g6 23. Nxg6 hxg6 24. Bxd6 Qd8 25. Qxd8+ Rxd8 26. Bc5 Nf6 27. Rb1 Nd7 28. Bd6 Nf6 29. Bc5 Nd7 30. Bd6 Nf6 31. Bg3 Rdc8 32. Rb6 Na5 33. Rxa6 Rxa6 34. Bxa6 Rxc3 35. h3 Rc2 36. a4 Ne4 37. Rb1 Nxg3 38. fxg3 Rd2 39. Rb5 Nc6 40. Rb1 Nxd4 41. Ra1 Nb3 42. Ra3 Na5 43.
Bb5 Kf8 44. Rc3 Ra2 45. Rc8+ Kg7 46. Rc7 d4 47. Be8 e5 48. Rxf7+ Kg8 49. Rd7 Kf8 50. Bxg6 Rxa4 51. Ra7 Ra3 52. Kh2 Nc4 53. Rxa3 Nxa3 54. Kg1 Kg7 55. Kf2 Kxg6 56. Kf3 Nc4 57. Ke4 Nd6+ 58. Kd3 Kf5 59. h4 Kg4 0-1

[Event "*** SCC Grand Prix: Titled Tuesday Blitz"]
[Site "Chess.com"]
[Date "2020.10.13"]
[Round "7"]
[White "rpragchess"]
[Black "Rodalquilar"]
[Result "1-0"]
[WhiteElo "2903"]
[BlackElo "2758"]
[TimeControl "180+1"]
[EndTime "11:17:40 PDT"]
[Termination "rpragchess won on time"]

1. e4 d5 2. exd5 Qxd5 3. Nc3 Qa5 4. d4 Nf6 5. Nf3 Bf5 6. Bc4 e6 7. Bd2 Bb4 8. O-O Nc6 9. a3 Bxc3 10. Bxc3 Qb6 11. b4 O-O 12. h3 Rad8 13. Bb2 a5 14.
b5 Na7 15. Qe2 Nxb5 16. Bxb5 c6 17. a4 Nd5 18. c4 Nf4 19. Qe3 Qc7 20. d5 cxb5 21.
Be5 Nxh3+ 22. gxh3 Qxc4 23. d6 Bxh3 24. Rfc1 Qg4+ 25.
Bg3 Rxd6 26. axb5 Rd5 27. Rxa5 Rfd8 28. Qa3 h5 29. Ra8 Rxa8 30. Qxa8+ Kh7 31. Qa3 Qe4 32. Qe3 Qg6 33. Kh2 Bg4 34. Ne5 Qf5 35. b6 h4 36.
Bf4 g5 37. Nxg4 gxf4 38. Qf3 Rd3 39. Qe2 f3 40. Qc2 h3 41. Rg1 Qf4+ 42. Rg3 Qf5 43.
Ne3 Rxe3 44. Qxf5+ exf5 45. fxe3 f2 46. Rf3 f4 47.
exf4 f1=Q 48. Rxf1 1-0

[Event "*** SCC Grand Prix: Titled Tuesday Blitz"]
[Site "Chess.com"]
[Date "2020.10.13"]
[Round "7"]
[White "Denis_Makhnyov"]
[Black "Sashadav97"]
[Result "1-0"]
[WhiteElo "2878"]
[BlackElo "2601"]
[TimeControl "180+1"]
[EndTime "11:17:40 PDT"]
[Termination "Denis_Makhnyov won by resignation"]

1. d4 d5 2. Bf4 c5 3. dxc5 e6 4. e4 Bxc5 5. exd5 exd5 6. Nc3 Nf6 7. Nf3 O-O 8. Be2 Nc6 9. O-O h6 10. Ne5 Re8 11. Nxc6 bxc6 12. Bd3 Bg4 13. Qd2 Nh5 14. Rae1 Nxf4 15. Qxf4 Be6 16. Na4 Bd6 17. Qd2 Bxh2+ 18. Kxh2 Qh4+ 19. Kg1 Qxa4 20. Qc3 Qf4 21. Qxc6 a5 22.
Qc3 a4 23. g3 Qd6 24. Qd4 Reb8 25. b3 Bh3 26. Re5 Bxf1 27. Rxd5 Qb6 28. Kxf1 Qxd4 29.
Rxd4 axb3 30. axb3 Rd8 31. Rf4 Kf8 32. Ke2 Ke7 33.
Kd2 g5 34. Rf5 Ra6 35. Rb5 Rad6 36. g4 Rd4 37. f3 R4d6 38. Ke3 Rh8 39. Be4 Kf6 40. b4 h5 41. Rf5+ Ke7 42. gxh5 Rxh5 43. c4 f6 44. c5 Rd1 45. b5 Rh2 46. c6 Rdd2 47. Bd3 Rd1 48. c7 Rc1 49. b6 Rb2 50. Rb5 Rxb5 51. Bxb5 Kd6 52. Ba6 Rxc7 53. bxc7 Kxc7 54. Ke4 Kd6 55. Kf5 Ke7 56. Bc4 1-0

[Event "*** SCC Grand Prix: Titled Tuesday Blitz"]
[Site "Chess.com"]
[Date "2020.10.13"]
[Round "7"]
[White "BeanScreen"]
[Black "yourstrulyme"]
[Result "0-1"]
[WhiteElo "2696"]
[BlackElo "2439"]
[TimeControl "180+1"]
[EndTime "11:17:40 PDT"]
[Termination "yourstrulyme won by checkmate"]

1. e4 b6 2. d4 Bb7 3. Bd3 e6 4. Nf3 Nf6 5. Qe2 c5 6. O-O cxd4 7. Nxd4 Nc6 8. Nxc6 Bxc6 9. Nc3 Be7 10. Bf4 d5 11. exd5 Nxd5 12. Nxd5 Qxd5 13. Qg4 g5 14. Bd2 h5 15. Qg3 h4 16. Qh3 O-O-O 17.
Rfe1 g4 18. Qxg4 Rhg8 19. Ba6+ Kd7 20. c4 Qxd2 21. Rad1 Rxg4 22. Rxd2+ Ke8 23. Rxd8+ Kxd8 24. g3 h3 25. Rd1+ Kc7 26. a3 Re4 27. b4 Re2 28.
c5 b5 29. a4 Rb2 30. axb5 Bf3 31. Rc1 Rxb4 32. Kf1 Bg5 33. Re1 Bd2 34. Ra1 Bc3 35. Rc1 Bd4 36. b6+ axb6 37. cxb6+ Kxb6 38. Bd3 Rb2 39. Rb1 Rxb1+ 40. Bxb1 f5 41. Ba2 Bd5 42. Bb1 Kc5 43.
Bc2 Kc4 44. Ba4 Kc3 45. Be8 Kd2 46. Bb5 Bg2+ 47. Kg1 Ke1 48. g4 Bxf2# 0-1

[Event "*** SCC Grand Prix: Titled Tuesday Blitz"]
[Site "Chess.com"]
[Date "2020.10.13"]
[Round "7"]
[White "northridgehawk"]
[Black "Lenyas66"]
[Result "1-0"]
[WhiteElo "2235"]
[BlackElo "2338"]
[TimeControl "180+1"]
[EndTime "11:17:42 PDT"]
[Termination "northridgehawk won on time"]

1. e4 c5 2. Nf3 Nc6 3. d4 cxd4 4.
Nxd4 Qb6 5. Nb3 Nf6 6. Nc3 e6 7.
Be2 Bb4 8. Qd3 O-O 9. O-O Bxc3 10.
bxc3 Ne5 11. Qg3 Ng6 12. Be3 Qc6 13. e5 Ne4 14. Qh3 Nxe5 15. Bd4 Ng6 16. Rad1 d5 17.
Qe3 b6 18. f4 Bb7 19. Rf3 Ne7 20. g4 f6 21. Rdf1 a5 22. Bd3 a4 23. Nd2 Rae8 24. Rh3 Ng6 25. Bxb6 e5 26. f5 Ng5 27. Rg3 Nf4 28.
Qc5 Ngh3+ 29. Kh1 Nxd3 30. cxd3 d4+ 31. Qxc6 Bxc6+ 32. Ne4 Ng5 33. Re1 dxc3 34. Kg1 Rb8 35. Bc5 Rfc8 36. Ba3 c2 37. Rc1 Rb1 38. Nxg5 fxg5 39.
Kf2 Bb5 40. Ke2 e4 41. Kd2 exd3 42. Re3 Bc4 43. Re7 Rxc1 44. Bxc1 Bxa2 45. Kxd3 Bb3 46.
Kd2 Rc4 47. Bb2 Rxg4 48. Rxg7+ Kf8 49. Rxh7 Rg2+ 50. Kc3 Rg1 51. Ba3+ Ke8 52. Kd2 Rd1+ 53. Ke2 c1=Q 54. Bxc1 Rxc1 55. h4 g4 56. h5 a3 57.
Ra7 a2 58. h6 a1=Q 59. h7 Qb2+ 60. Ke3 Re1+ 61. Kf4 Qe5+ 62. Kg5 Qe3+ 63. Kg6 Rh1 64.
Ra8+ Kd7 65. h8=Q Rxh8 66. Rxh8 1-0

[Event "*** SCC Grand Prix: Titled Tuesday Blitz"]
[Site "Chess.com"]
[Date "2020.10.13"]
[Round "7"]
[White "JoakimVonAnd"]
[Black "NikolaGry"]
[Result "0-1"]
[WhiteElo "2488"]
[BlackElo "2636"]
[TimeControl "180+1"]
[EndTime "11:17:45 PDT"]
[Termination "NikolaGry won by resignation"]

1. d4 d5 2. Bf4 c6 3. e3 Qb6 4. Qc1 Bf5 5. Nf3 Nd7 6. Bd3 Bxd3 7. cxd3 e6 8. O-O Ngf6 9. h3 Be7 10. Nc3 O-O 11.
Ne5 Rac8 12. Qd2 Nxe5 13. dxe5 Nd7 14. Bh2 c5 15. f4 g6 16. g4 f6 17. exf6 Bxf6 18. f5 Rce8 19. Rae1 Be5 20. fxe6 Qxe6 21. Rxf8+ Rxf8 22. Qg2 Bxh2+ 23. Kxh2 Ne5 24. Rf1 Rxf1 25. Qxf1 c4 26. d4 Nd3 27. Qf3 Nxb2 28. Nxd5 Nd3 29. g5 Kg7 30. Nf6 Qb6 31. Kg3 Qd6+ 32. Kh4 Qe7 33. Qd5 Qf7 34. Qe4 h6 35. gxh6+ Kxf6 36.
d5 g5+ 37. Kg3 Ne5 38. h7 Ng6 39. Qd4+ Ke7 40. h8=Q Nxh8 41. Qxh8 Qxd5 42. Qg7+ Kd6 43.
Qf6+ Kc5 44. Kf2 b5 45. Qe7+ Kb6 46. Ke1 c3 47. Qg7 Qd2+ 48. Kf1 c2 49. Qf6+ Ka5 50. Qd8+ Qxd8 0-1

[Event "*** SCC Grand Prix: Titled Tuesday Blitz"]
[Site "Chess.com"]
[Date "2020.10.13"]
[Round "7"]
[White "bait_or_mate"]
[Black "ftorodent"]
[Result "1-0"]
[WhiteElo "2528"]
[BlackElo "2669"]
[TimeControl "180+1"]
[EndTime "11:17:47 PDT"]
[Termination "bait_or_mate won by resignation"]

1. d4 f5 2. Nc3 Nf6 3. Bg5 d5 4. Bxf6 exf6 5. g3 Be6 6. Bg2 Nc6 7. e3 Qd7 8. Nge2 Bf7 9. Qd2 O-O-O 10. h4 h5 11. Nf4 Ne7 12. Nd3 Kb8 13. Nc5 Qe8 14. a4 Nc6 15. Nd3 Nb4 16. Nb5 Nxd3+ 17. Qxd3 a6 18. Nc3 g6 19. Ne2 Bd6 20. c3 Be6 21. Nf4 g5 22. Nxd5 f4 23. Nxf6 Qf7 24. hxg5 fxg3 25.
f4 h4 26. f5 Bc4 27. Qe4 c6 28. Rxh4 Rhe8 29. Qf3 Bd5 30. e4 Qg7 31. Nxe8 Rxe8 32. Kf1 Qxg5 33. Rg4 Bc4+ 34. Kg1 Qh5 35. Rxg3 Qh4 36.
Rh3 Qg5 37. e5 Bc7 38. Rg3 Qd2 39. Qf2 Qh6 40. f6 Rf8 41. Re1 Ka8 42. Rh3 Qg6 43. Rg3 Qh6 44. Qe3 Qh7 45. Rf3 Qg6 46. e6 Rxf6 47.
Rxf6 Qxf6 48. e7 Qh4 49. e8=Q+ Ka7 50. d5+ b6 51. d6 Bxd6 52. Qd7+ 1-0

[Event "*** SCC Grand Prix: Titled Tuesday Blitz"]
[Site "Chess.com"]
[Date "2020.10.13"]
[Round "7"]
[White "exoticprincess"]
[Black "Gloomy_Wanderer"]
[Result "0-1"]
[WhiteElo "2866"]
[BlackElo "2775"]
[TimeControl "180+1"]
[EndTime "11:17:52 PDT"]
[Termination "Gloomy_Wanderer won on time"]

1. b3 d5 2. Bb2 c5 3. e3 Nc6 4.
Bb5 Nf6 5. h3 Qc7 6. Nf3 Bf5 7.
O-O e6 8. d3 Bd6 9. Nbd2 O-O 10. Bxc6 bxc6 11. Re1 Bg6 12. e4 Bf4 13. e5 Nd7 14.
Nf1 Rae8 15. g3 Bh6 16. N1h2 f5 17. Nh4 f4 18. Nxg6 fxg3 19. Nxf8 gxh2+ 20. Kxh2 Rxf8 21. Kg2 Rf5 22. h4 Qd8 23. Qg4 Qf8 24. Re2 Qf7 25. Rg1 Bf4 26. Rge1 d4 27. Kh1 Nxe5 28. Qh3 Qh5 29.
Ba3 Nf3 30. Rf1 g5 31. Kg2 Nxh4+ 32. Kh1 g4 33. Rg1 Ng6 34. Qxh5 Rxh5+ 35. Kg2 Kf7 36. Kf1 Rg5 37. Re4 h5 38. Ke2 Rf5 39. Rh1 e5 40. Bc1 Bxc1 41. Rxc1 Nf4+ 42. Kd2 Nd5 43. Rce1 Kf6 44. Rh1 Rxf2+ 45. Ke1 Rf5 46. Re2 Nf4 47.
Reh2 Kg5 48. Kd2 g3 49. Rg1 h4 50. Rhh1 Kg4 51. Re1 h3 52. Reg1 g2 53. Rh2 Kg3 0-1

[Event "*** SCC Grand Prix: Titled Tuesday Blitz"]
[Site "Chess.com"]
[Date "2020.10.13"]
[Round "7"]
[White "tptagain"]
[Black "baki83"]
[Result "1-0"]
[WhiteElo "2873"]
[BlackElo "2750"]
[TimeControl "180+1"]
[EndTime "11:17:53 PDT"]
[Termination "tptagain won on time"]

1. e4 e5 2. Nf3 Nc6 3. Bb5 a6 4.
Ba4 Nf6 5. d3 b5 6. Bb3 Be7 7.
a4 b4 8. a5 O-O 9. O-O d5 10.
exd5 Nxd5 11. h3 Bb7 12. Nbd2 Kh8 13. Re1 f6 14. Ne4 Qd7 15. Bd2 Rad8 16. Bc4 g5 17. Ng3 Nf4 18. Nf1 Nxg2 19. Kxg2 Nd4 20. Re4 Nxf3 21.
Qxf3 f5 22. Qe2 fxe4 23. dxe4 Qc6 24. f3 Bc8 25. Ne3 Qd7 26. Be1 Qxh3+ 27. Kg1 Qxf3 28. Qxf3 Rxf3 29. Nd5 Bc5+ 30. Kg2 Rdf8 31. Bg3 R3f4 32.
Rh1 Kg7 33. Bxf4 exf4 34. e5 g4 35. Kf1 Bb7 36. Rh4 h5 37. Nf6 Kg6 38. Bd3+ Kf7 39. Bc4+ Ke7 40. Rxh5 g3 41. Rh7+ Kd8 42. Rd7+ Kc8 43.
Rg7 g2+ 44. Rxg2 Bxg2+ 45. Kxg2 Bd4 46. Be6+ Kb7 47. Nd7 Re8 48. Bf7 Re7 49. e6 Bxb2 50.
Kf3 Kc6 51. Kxf4 Kb5 52. Ne5 c5 53. Ng6 Bf6 54. Kf5 Rxe6 55. Kxe6 Bc3 56. Kd5 c4 57. Be8+ 1-0

[Event "*** SCC Grand Prix: Titled Tuesday Blitz"]
[Site "Chess.com"]
[Date "2020.10.13"]
[Round "7"]
[White "Alexander_Moskalenko"]
[Black "Revnov"]
[Result "1-0"]
[WhiteElo "2822"]
[BlackElo "2713"]
[TimeControl "180+1"]
[EndTime "11:17:53 PDT"]
[Termination "Alexander_Moskalenko won by checkmate"]

1. c4 e6 2. Nc3 d5 3. d4 c6 4. e3 Nf6 5. Nf3 Nbd7 6. Qc2 a5 7.
Bd2 Bd6 8. e4 dxe4 9. Nxe4 Nxe4 10. Qxe4 c5 11. Bc3 O-O 12. Bd3 Nf6 13. Qh4 cxd4 14. Nxd4 e5 15. Nb5 Bb4 16. O-O-O Qe7 17. Rhe1 e4 18. Bxf6 Qxf6 19. Qxf6 gxf6 20. Rxe4 Bd7 21.
Rh4 Bxb5 22. cxb5 Rac8+ 23. Kb1 Rfd8 24. a3 Bc5 25. Bxh7+ Kg7 26. Rxd8 Rxd8 27. Be4 b6 28. Rg4+ Kf8 29. Rf4 Kg7 30. Kc2 Rd4 31. f3 Bd6 32. Rg4+ Kf8 33. h4 Rc4+ 34. Kd3 Rc5 35. Bc6 Be5 36. Re4 Bxb2 37. Re8+ Kg7 38. Rb8 Rc3+ 39. Ke2 Bxa3 40. Rxb6 Bc5 41. Ra6 Ra3 42. g4 a4 43. Bd5 Ra1 44. Rc6 Bd4 45. Rc7 a3 46. Rxf7+ Kh6 47. Kd3 Be5 48. Ra7 Rd1+ 49. Kc4 Rd4+ 50.
Kc5 Rd3 51. Kc6 Rc3+ 52. Kd7 Bd4 53. Ra8 Rc5 54. Bc6 Rc3 55. Ke6 Kg7 56. Kf5 Rc5+ 57. Ke4 Bb2 58. f4 Rc4+ 59. Kf5 Rc5+ 60. Ke6 Rc4 61. g5 Rxf4 62. Ra7+ Kg6 63. Be8# 1-0

[Event "*** SCC Grand Prix: Titled Tuesday Blitz"]
[Site "Chess.com"]
[Date "2020.10.13"]
[Round "7"]
[White "gurelediz"]
[Black "Fandorine"]
[Result "0-1"]
[WhiteElo "2598"]
[BlackElo "2850"]
[TimeControl "180+1"]
[EndTime "11:17:54 PDT"]
[Termination "Fandorine won by resignation"]

1. e4 g6 2. d4 Bg7 3. Nc3 d6 4. Nf3 Nf6 5. h3 O-O 6. Bc4 Nbd7 7.
Qe2 Ne8 8. O-O c6 9. Rd1 Nc7 10.
e5 d5 11. Bd3 f6 12. exf6 exf6 13. Bf4 Rf7 14. Re1 Nf8 15. Rad1 Bd7 16. Qd2 g5 17. Bg3 Ng6 18. h4 g4 19. h5 Nf8 20.
Nh4 f5 21. h6 Bxd4 22. Bxf5 Bf6 23. Bxd7 Qxd7 24. Qd3 Nce6 25. Qf5 Nc5 26. Qxd7 Nfxd7 27. Ne2 Ne4 28. c3 Bg5 29. Nd4 Bxh6 30. Nhf5 Bf8 31. f3 gxf3 32. gxf3 Nxg3 33. Nxg3 Bc5 34. Kh2 Kh8 35.
Re6 Rg8 36. Rh6 Bf8 37. Re6 Nc5 38. Re8 Bd6 39. Rxg8+ Kxg8 40. Rg1 Kf8 41. Kh3 Nd3 42. Ngf5 Nf4+ 43. Kh4 Be5 44. Nh6 Ng6+ 45. Kh3 Bxd4 46. cxd4 Rxf3+ 47. Kg4 Rf4+ 48. Kg5 Rxd4 49. Rf1+ Ke8 50.
Rf7 Rb4 51. Rxh7 Ne5 52. Kf6 Nd7+ 53. Kf5 Rxb2 54. Rh8+ Ke7 55. Rh7+ Kd6 56. Nf7+ Kc5 57. Nd8 Rf2+ 58. Ke6 Nf8+ 0-1

[Event "*** SCC Grand Prix: Titled Tuesday Blitz"]
[Site "Chess.com"]
[Date "2020.10.13"]
[Round "7"]
[White "Rozum_Ivan"]
[Black "Smirnov_Pavel"]
[Result "0-1"]
[WhiteElo "2741"]
[BlackElo "2843"]
[TimeControl "180+1"]
[EndTime "11:17:55 PDT"]
[Termination "Smirnov_Pavel won by checkmate"]

1. g3 Nf6 2. Bg2 d5 3. d3 c5 4.
e4 Nc6 5. Nc3 dxe4 6. Nxe4 Nxe4 7.
Bxe4 Bd7 8. h4 e6 9. Nh3 Be7 10.
O-O O-O 11. Qh5 f5 12. Bg2 Bf6 13. c3 Ne5 14. Qd1 Bc6 15. Nf4 Bxg2 16. Kxg2 Qd7 17. d4 cxd4 18. cxd4 Nc4 19. d5 e5 20. Ne6 Rf7 21. Bg5 Nb6 22. Bxf6 Rxf6 23. Re1 e4 24.
Nf4 Rd6 25. Qb3 Kh8 26. Red1 Rd8 27. Rac1 h6 28. Rc5 Rc8 29. Rdc1 Rxc5 30. Rxc5 Kh7 31. h5 Qe7 32. Qc2 Qf7 33. Rc7 Rd7 34. Rxd7 Qxd7 35.
Qc5 Qf7 36. b3 Qd7 37. a4 Nc8 38. Qd4 Kg8 39. Qe5 Qf7 40. Qb8 Qe8 41. Ng6 Kh7 42. Qxb7 e3 43. fxe3 Qe4+ 44. Kh2 Qxe3 45. Nf4 Nd6 46.
Qd7 Qe5 47. Qe6 Qb2+ 48. Kh3 Qa3 49. Qg6+ Kg8 50. Ne6 Qa1 51. Nxg7 Qh1# 0-1

[Event "*** SCC Grand Prix: Titled Tuesday Blitz"]
[Site "Chess.com"]
[Date "2020.10.13"]
[Round "7"]
[White "chiwii"]
[Black "akanga001"]
[Result "1-0"]
[WhiteElo "2206"]
[BlackElo "1847"]
[TimeControl "180+1"]
[EndTime "11:17:55 PDT"]
[Termination "chiwii won on time"]

1. e4 c6 2. d4 d5 3. Nc3 dxe4 4.
Nxe4 Nf6 5. Nxf6+ gxf6 6. Nf3 Bg4 7. c3 Qd5 8. Be2 e6 9. h3 Bh5 10. c4 Qd6 11. Be3 Qb4+ 12. Bd2 Qd6 13. Bc3 Bh6 14. Qb3 Qc7 15. d5 e5 16. g4 Bg6 17. Rd1 Bf8 18. g5 Nd7 19. gxf6 O-O-O 20. dxc6 Qxc6 21. Qb5 Qxb5 22. cxb5 e4 23. Ne5 Nxe5 24. Bxe5 Bb4+ 25. Bc3 Bxc3+ 26. bxc3 Rxd1+ 27. Bxd1 Rd8 28. Bg4+ Kc7 29. Ke2 Kb6 30. a4 Rd3 31. Rc1 Ka5 32. c4 a6 33. f3 exf3+ 34. Bxf3 axb5 35. axb5 b6 36. Bd5 Rxh3 37. Ra1+ Kb4 38. Ra8 Kc5 39. Rc8+ Kb4 40. Rc6 Ka5 41. Rc7 Rh2+ 42. Ke3 Rh3+ 43. Kd4 Rh4+ 44.
Ke5 Rh2 45. Kd6 Rf2 46. Ke7 h5 47. Bxf7 Bxf7 48. Kxf7 h4 49. Kg7 h3 50. Ra7+ Kb4 51. Ra1 h2 52. f7 Rg2+ 53. Kh7 Rg1 54. Rxg1 hxg1=Q 55. f8=Q+ 1-0

[Event "*** SCC Grand Prix: Titled Tuesday Blitz"]
[Site "Chess.com"]
[Date "2020.10.13"]
[Round "7"]
[White "Susal_De_Silva"]
[Black "Gabrielian_Artur"]
[Result "0-1"]
[WhiteElo "2472"]
[BlackElo "2795"]
[TimeControl "180+1"]
[EndTime "11:17:56 PDT"]
[Termination "Gabrielian_Artur won by checkmate"]

1. e4 c5 2. Nf3 d6 3. Bb5+ Nd7 4. O-O a6 5. Bd3 Ngf6 6. Re1 e6 7. a4 Be7 8. c3 b6 9. Bc2 Bb7 10. d4 cxd4 11.
cxd4 Rc8 12. Nc3 O-O 13. h3 e5 14. dxe5 Nxe5 15. Bf4 Nc4 16. Nd5 Nxd5 17. exd5 Bf6 18. Bf5 Nxb2 19. Qb3 Rc4 20. Be4 Rc3 21. Qxb2 Rxf3 22.
Qd2 Bc3 23. Qc2 Rxf4 24. Qxc3 Qg5 25. Qe3 Qf6 26. Rac1 Rh4 27. Qxb6 Bc8 28. Qe3 g6 29. Bf3 Bf5 30. Qc3 Qxc3 31. Rxc3 Rxa4 32. Rc6 Rd8 33. Re7 a5 34. Rcc7 Rf8 35. g4 Bd3 36. Red7 Rd4 37.
Rxd6 a4 38. Ra7 Bc2 39. Rdd7 Bb3 40. d6 Be6 41. Rdc7 Rd8 42. d7 Bxd7 43. Kg2 Be8 44. Bc6 Bxc6+ 45. Rxc6 Rf4 46. Rca6 Rd2 47. Rxa4 Rfxf2+ 48. Kg1 Rfe2 49. Rf4 Rg2+ 50. Kf1 Rh2 51. Kg1 Rdg2+ 52. Kf1 Rb2 53. Kg1 Rhg2+ 54. Kf1 Rg3 55. Rfxf7 Rxh3 56. Rg7+ Kh8 57. Raf7 Rh1# 0-1

[Event "*** SCC Grand Prix: Titled Tuesday Blitz"]
[Site "Chess.com"]
[Date "2020.10.13"]
[Round "7"]
[White "PotapovaM"]
[Black "W_Amadeus"]
[Result "0-1"]
[WhiteElo "2528"]
[BlackElo "2703"]
[TimeControl "180+1"]
[EndTime "11:17:59 PDT"]
[Termination "W_Amadeus won on time"]

1. d4 Nf6 2. c4 e6 3. Nf3 d5 4.
g3 dxc4 5. Bg2 a6 6. O-O Nc6 7. e3 Rb8 8. Nfd2 e5 9. Bxc6+ bxc6 10. dxe5 Ng4 11. Nxc4 Be6 12. Nbd2 Bb4 13. b3 h5 14. Qc2 h4 15. Nf3 hxg3 16. fxg3 Qd7 17. Rd1 Bd5 18. Bb2 Nxh2 19. Nxh2 Qh3 20. Qf2 Rh5 21. Rd4 Bc5 22.
Rad1 Bxd4 23. Rxd4 Rf5 24. Rf4 Rxf4 25. exf4 Bxc4 26.
bxc4 Rxb2 27. Qxb2 Qxg3+ 28. Qg2 Qxf4 29. Qe2 Qc1+ 30.
Kg2 Qg5+ 31. Kf2 Qh4+ 32. Kf1 Qh3+ 33. Ke1 Qg3+ 34. Kd1 Qc3 35. Nf3 Qa1+ 36. Kd2 Qxa2+ 37. Ke3 Qb3+ 38. Kf2 a5 39. Qe4 Qb2+ 40. Kg3 Kd7 41. Qf5+ Ke7 42. Qg5+ Ke8 43. Qxg7 a4 44. Qh8+ Ke7 45.
Qf6+ Kf8 46. Qh8+ Ke7 47. Qf6+ Kf8 48. Ng5 Qc3+ 49. Kg4 Qxc4+ 50. Kh5 Ke8 0-1

[Event "*** SCC Grand Prix: Titled Tuesday Blitz"]
[Site "Chess.com"]
[Date "2020.10.13"]
[Round "7"]
[White "blitzking1729"]
[Black "PlotnikovPavel"]
[Result "1-0"]
[WhiteElo "2547"]
[BlackElo "2374"]
[TimeControl "180+1"]
[EndTime "11:17:59 PDT"]
[Termination "blitzking1729 won by checkmate"]

1. e4 e5 2. Nf3 Nc6 3. Bc4 Nf6 4. O-O Nxe4 5. Re1 d5 6. Bb5 Bc5 7. d4 exd4 8. Nxd4 O-O 9. Bxc6 bxc6 10. Be3 Qf6 11.
c3 Rb8 12. Qc2 Qg6 13. Nd2 Bxd4 14. Bxd4 Bf5 15. Nf3 c5 16. Nh4 Qg4 17. Nxf5 Qxf5 18. Bxc5 Qg5 19. Bxf8 Rxf8 20. f3 Nd2 21. Kh1 Nc4 22.
Qf2 f5 23. Rad1 c6 24. b3 Nb6 25. a4 h6 26. a5 Nc8 27. Qc5 Qf6 28. c4 Kh8 29. cxd5 cxd5 30. Qxd5 Ne7 31. Qe6 Nc6 32. Qxf6 Rxf6 33. Rd5 Nb4 34. Rd7 Ra6 35. h4 Rxa5 36. h5 f4 37. Re8+ Kh7 38. Ree7 Rxh5+ 39. Kg1 Rg5 40.
Rxa7 Nd5 41. Re2 Ne3 42. Rb7 Rc5 43. Rd2 Rc1+ 44. Kf2 Rf1+ 45. Ke2 Rg1 46. b4 Rxg2+ 47. Kd3 Rg5 48. b5 h5 49. Ke4 h4 50. Kxf4 Rg1 51. Kxe3 h3 52. Rh2 Rg3 53. Kf4 Rg2 54. Rxh3+ Kg6 55. Rg3+ Kf6 56. Rxg2 g5+ 57. Rxg5 Ke6 58.
Rb6+ Kd7 59. Rh6 Kc8 60. Rg7 Kd8 61. Rh8# 1-0

[Event "*** SCC Grand Prix: Titled Tuesday Blitz"]
[Site "Chess.com"]
[Date "2020.10.13"]
[Round "7"]
[White "BanjoKazooieN64"]
[Black "A-S-00"]
[Result "1/2-1/2"]
[WhiteElo "2450"]
[BlackElo "2269"]
[TimeControl "180+1"]
[EndTime "11:18:02 PDT"]
[Termination "Game drawn by repetition"]

1. e4 c5 2. Nc3 e6 3. Nf3 Nc6 4. d4 cxd4 5. Nxd4 Nf6 6. a3 d5 7. Bb5 Bd7 8. exd5 exd5 9. O-O Be7 10. Re1 O-O 11. Bg5 h6 12. Bh4 a6 13. Bf1 g5 14. Bg3 Bg4 15. f3 Bc5 16. Bf2 Bh5 17. Nce2 Bg6 18. c3 Bd6 19. Ng3 Qd7 20. Nxc6 bxc6 21.
Bd3 Rfe8 22. Bxg6 fxg6 23. b4 Be5 24. Qd3 Kg7 25. Re2 Qd6 26. Rae1 h5 27. Bc5 Qc7 28. Bd4 Nd7 29. Nxh5+ gxh5 30. Qf5 Bxd4+ 31. cxd4 Rxe2 32. Rxe2 Nf6 33. Qxg5+ Kf7 34. Re5 Rg8 35. Qf5 Qd7 36. Qf4 Qh3 37. g3 h4 38.
Rf5 Rg6 39. g4 Kg7 40. Qc7+ Kh6 41. Qf4+ Kg7 42. g5 Nh5 43. Qc7+ Kh8 44. Qe5+ Kh7 45. Rf7+ Ng7 46. Qf4 Qe6 47. Rf6 Qe1+ 48. Kg2 Qe2+ 49. Kh3 Qf1+ 50. Kxh4 Qf2+ 51. Kh3 Qf1+ 52. Kg3 Qg1+ 53.
Kh4 Qe1+ 54. Kg4 Qg1+ 55. Kh4 Qf2+ 56. Kh3 Qf1+ 57. Kh4 Qf2+ 1/2-1/2